 Dungeon Crawl Stone Soup version 0.31.0-7-gf635a9b802 (webtiles) character file.

Game seed: 1705996171497103747

188 zenocrate the Sneak (level 5, -4/24 HPs)
             Began as a Vine Stalker Enchanter on Jan 23, 2024.
             Incinerated by a bombardier beetle (5 damage)
             ... with a burning spray
             ... on level 4 of the Dungeon.
             The game lasted 00:02:52 (2115 turns).

zenocrate the Sneak (Vine Stalker Enchanter)        Turns: 2115, Time: 00:02:53

Health: -4/24      AC:  5    Str: 10    XL:     5   Next: 67%
Magic:  0/9        EV: 13    Int: 15    God:
Gold:   233        SH:  0    Dex: 17    Spells: 3/8 levels left

rFire   . . .        b - +3 dagger
rCold   . . .        (no shield)
rNeg    . . .        l - +0 robe
rPois   .            f - +0 helmet
rElec   .            m - +0 cloak
rCorr   .            (no gloves)
SInv    .            j - +0 pair of boots
Will    .....        (no amulet)
Stlth   +            (no ring)
HPRegen 1.04/turn    (no ring)
MPRegen 0.11/turn

%: guardian spirit
@: on fire, very slightly contaminated, glowing
A: fangs 2, regeneration 1, magic shield, antimagic bite, no potion heal 2
a: no special abilities


You were on level 4 of the Dungeon.
You visited 1 branch of the dungeon, and saw 4 of its levels.

You collected 233 gold pieces.

Inventory:

Hand Weapons
 a - a +1 dagger
 b - a +3 dagger (weapon)
Missiles
 d - a throwing net (quivered)
Armour
 f - a +0 helmet (worn)
 j - a +0 pair of boots (worn)
 l - a +0 robe (worn)
 m - a +0 cloak (worn)
Wands
 r - a wand of quicksilver (6)
Scrolls
 e - a scroll of blinking {unknown}
 g - a scroll of vulnerability {unknown}
 h - a scroll of immolation {unknown}
 i - a scroll of butterflies {unknown}
 k - 2 scrolls of revelation
 q - a scroll of fog {unknown}
 t - a scroll of noise {unknown}
 v - a scroll of silence {unknown}
Potions
 c - 2 potions of invisibility
 n - 2 potions of attraction
 o - a potion of cancellation
 p - 2 potions of berserk rage
 s - 2 potions of heal wounds {unknown}
 u - a potion of enlightenment {unknown}


   Skills:
 * Level 2.4 Short Blades
 - Level 1.0 Throwing
 + Level 2.4 Dodging
 + Level 4.6 Stealth
 - Level 2.1 Spellcasting
 + Level 3.7 Hexes
 + Level 1.6 Ice Magic


You had 3 spell levels left.
You knew the following spells:

 Your Spells              Type           Power      Damage    Failure   Level
a - Ensorcelled Hibernat  Hex/Ice        18%        N/A       11%         2
b - Confusing Touch       Hex            12%        N/A       14%         3

Your spell library contained the following spells:

 Spells                   Type           Power      Damage    Failure   Level
 Tukima's Dance           Hex            12%        N/A       14%         3
 Dazzling Flash           Conj/Hex       14%        N/A       30%         3
 Scorch                   Fire           2%         2d5       32%         2
 Flame Wave               Conj/Fire      1%         2d4       91%         4
 Summon Cactus Giant      Summ           0%         N/A       100%        6


Dungeon Overview and Level Annotations

Branches:
Dungeon (4/15)
 Temple: D:4-7

Altars:


Innate Abilities, Weirdness & Mutations

You have extremely sharp teeth.
Your natural rate of healing is unusually fast.
When hurt, damage is shared between your health and your magic reserves.
Your bite disrupts and absorbs the magic of your enemies.
Potions cannot restore your health.


Message History

You hit the bombardier beetle.
The bombardier beetle is almost dead.
The bombardier beetle sprays incendiary fluid at you.
The burning spray hits you.
You are covered in liquid fire!
Casting: Ensorcelled Hibernation (safe; 12% risk of failure)
Confirm with . or Enter, or press ? or * to list all spells.
Aiming: Ensorcelled Hibernation (safe; 12% risk of failure)
Press: ? - help, Shift-Dir - straight line, f/p - bombardier beetle
Aim: a bombardier beetle (almost dead, chance to affect: 43%)
The bombardier beetle looks drowsy...
The liquid fire burns you!
Unknown command.
The helpless bombardier beetle fails to defend itself.
You impale the bombardier beetle!!
You kill the bombardier beetle!
The liquid fire burns you!
You hit the ball python.
You kill the ball python!
The liquid fire burns you!
You shake off some of the fire as you move.
The liquid fire burns you! Something hits you.
You are on fire!
You hit something. Your bite misses something. The liquid fire burns you!
* * * LOW HITPOINT WARNING * * *
Something hits you.
* * * LOW HITPOINT WARNING * * *
Unknown command.
You miss something. Your bite misses something. The liquid fire burns you!
* * * LOW HITPOINT WARNING * * *
Something hits you.
* * * LOW HITPOINT WARNING * * *
Unknown command.
Aiming: Quicksilver Bolt
Press: ? - help, Shift-Dir - straight line The liquid fire burns you!
You die...

........'..........(...#
........#..............+
........#..............#
.##...#####+####.......#
. #...# ..... #...#####
#.... .....##..†##..###
+...) ................#
#..... ................#
...<...@{.......#
##...####)##..###
##...##...#####
...B..........#
.....$........#
..o..o........#
............~~~~
##.{###...##~### #..
#...# ~#


There were no monsters in sight!

Vanquished Creatures
  A howler monkey (D:4)
  2 bombardier beetles (D:4)
  An adder (D:3)
  A ribbon worm (D:2)
  3 dart slugs
  2 orcs
  4 bats
  4 endoplasms
  3 giant cockroaches
  7 hobgoblins
  3 jackals
  2 quokkas (D:3)
  10 ball pythons
  2 frilled lizards
  5 goblins
  4 kobolds (D:1)
  9 rats
63 creatures vanquished.

Notes
Turn   | Place    | Note
-------+----------+-------------------------------------------
     0 | D:1      | zenocrate the Vine Stalker Enchanter began the quest for
                  | the Orb.
     0 | D:1      | Reached XP level 1. HP: 9/9 MP: 4/4
    70 | D:1      | Reached skill level 1 in Short Blades
   202 | D:1      | Reached XP level 2. HP: 13/13 MP: 6/6
   205 | D:1      | Learned a level 2 spell: Ensorcelled Hibernation
   596 | D:1      | Reached XP level 3. HP: 16/16 MP: 3/7
   605 | D:1      | Reached skill level 4 in Stealth
   626 | D:1      | Learned a level 3 spell: Confusing Touch
  1595 | D:3      | Reached XP level 4. HP: 21/21 MP: 8/8
  1682 | D:3      | Reached skill level 1 in Ice Magic
  1822 | D:3      | Reached skill level 1 in Throwing
  2059 | D:4      | Reached XP level 5. HP: 24/24 MP: 9/9
  2114 | D:4      | HP: 1/24 [something (3)]
  2115 | D:4      | Incinerated by a bombardier beetle

Illustrated notes

Levels and vault maps discovered:
D:1:      dpeg_arrival_lava_temple_mockup, layout_basic
D:2:      layout_loops_ring
D:3:      layout_basic, minmay_circle_x
D:4:      layout_gridville, kennysheep_mini_moat

Skill      XL: |  1  2  3  4 |
---------------+-------------+-----
Short Blades   | 1 2 |  2.4
Stealth        | 4 |  4.6
Dodging        | 2 |  2.4
Ice Magic      | 1 |  1.6
Throwing       | 1 |  1.0
Spellcasting   | |  2.1
Hexes          | |  3.7

Action                     |  1- 3 |  4- 6 || total
---------------------------+-------+-------++-------
  Melee: Dagger            |   116 |    41 ||   157
         Bite              |    26 |    14 ||    40
   Cast: Ensorcelled Hiber |    11 |     5 ||    16
  Evoke: Wand              |       |     1 ||     1
    Use: Scroll            |     3 |     1 ||     4
   Stab: Sleeping          |    13 |     8 ||    21
 Armour: Robe              |    59 |    14 ||    73
  Dodge: Dodged            |    67 |    17 ||    84
